Map: [ESL] Goldenaura

Players

Nice - Winner!

  • Race: Protoss Protoss
  • Spawn Location: 12:00

Cyan

  • Race: Protoss Protoss
  • Spawn Location: 5:00

Event: ESL SC2 Masters 2024 Spring (Regional)

VOD

Have the link to the VOD?

Description

Time

  • Played on: April 20, 2024, 7:47 a.m.
  • Length: 5:49

All games in this series

Show
View Real Time Build Order
Export as new Build Order

Nice Protoss - Winner!

Build Orders:  

Get SALT Encoding   

  12  0:00  Probe  
  13  0:12  Probe  
  14  0:17  Pylon  
  14  0:24  Probe (Chrono Boost)  
  16  0:36  Probe (Chrono Boost), Gateway  
  16  0:41  Probe  
  16  0:45  Assimilator  
  17  0:54  Probe (Chrono Boost)  
  17  0:55  Assimilator  
  18  1:06  Probe (Chrono Boost)  
  18  1:08  Gateway  
  19  1:14  Probe (Chrono Boost)  
  20  1:20  Probe  
  20  1:25  Cybernetics Core  
  21  1:32  Probe  
  22  1:40  Pylon  
  22  1:44  Probe  
  23  2:01  Robotics Facility  
  23  2:02  Adept x2  
  23  2:06  Warp Gate  
  27  2:12  Pylon  
  27  2:22  Pylon  
  27  2:32  Stalker  
  27  2:35  Stalker  
  31  2:46  Immortal (Chrono Boost)  
  35  2:57  Shield Battery  
  35  3:11  Pylon  
  35  3:20  Warp Prism (Chrono Boost)  
  35  3:48  Gateway  
  35  3:52  Immortal  
  39  3:57  Stalker  
  41  4:03  Sentry  
  43  4:22  Stalker  
  45  4:28  Observer  
  45  4:32  Stalker  
  45  4:37  Pylon  
  44  4:56  Stalker x3  
  46  5:08  Pylon  
  46  5:21  Stalker x2  
  50  5:39  Stalker  
  48  5:45  Zealot x2  
Show
View Real Time Build Order
Export as new Build Order

Cyan Protoss 

Build Orders: Oracle Opening 

Get SALT Encoding   

  12  0:00  Probe  
  13  0:12  Probe  
  14  0:17  Pylon  
  14  0:24  Probe (Chrono Boost)  
  15  0:36  Probe (Chrono Boost)  
  15  0:37  Gateway  
  16  0:44  Probe (Chrono Boost)  
  16  0:46  Assimilator  
  17  0:51  Probe  
  17  0:54  Assimilator  
  18  1:03  Probe (Chrono Boost)  
  19  1:08  Gateway  
  19  1:13  Probe (Chrono Boost)  
  19  1:18  Probe (Chrono Boost)  
  20  1:24  Cybernetics Core  
  21  1:29  Probe  
  22  1:34  Pylon  
  22  1:41  Probe  
  23  1:53  Probe  
  24  2:00  Stalker, Adept  
  24  2:01  Warp Gate  
  28  2:07  Pylon  
  28  2:16  Shield Battery  
  28  2:28  Stargate  
  28  2:30  Stalker  
  28  2:34  Stalker  
  32  2:51  Pylon  
  32  3:05  Shield Battery  
  32  3:09  Oracle (Chrono Boost)  
  35  3:16  Shield Battery  
  35  3:20  Pylon  
  35  3:29  Shield Battery  
  35  3:34  Shield Battery  
  35  3:36  Pylon  
  35  3:39  Shield Battery  
  38  3:46  Void Ray (Chrono Boost)  
  39  3:51  Stalker  
  41  3:59  Zealot  
  43  4:16  Gateway  
  43  4:27  Stalker  
  43  4:43  Gateway  
  47  4:49  Void Ray  
  47  4:59  Zealot  
  43  5:11  Sentry  
  45  5:24  Stalker  
  40  5:37  Stalker  
Tags
 
Add a new tag
Caveats
  • Supply blocks, unpowered buildings, or Contaminate may cause inaccurate times.
  • Supply counts are checked every 10 seconds.